 Dungeon Crawl Stone Soup version 0.25-a0-388-g41a7e554cb (webtiles) character file.

Game seed: 3932887766927632194, levelgen mode: deterministic

3137 Borgoz the Basher (level 9, -11/57 HPs)
             Began as a Gargoyle Fighter on Jan 7, 2020.
             Was a High Priest of Okawaru.
             Mangled by a two-headed ogre
             ... wielding a +0 giant club
              (15 damage)
             ... on level 8 of the Dungeon.
             The game lasted 00:10:45 (6597 turns).

Borgoz the Basher (Gargoyle Fighter)                Turns: 6597, Time: 00:10:46

Health: -11/57     AC: 14    Str: 27    XL:     9   Next: 92%
Magic:  11/11      EV: 12    Int: 10    God:    Okawaru [*****.]
Gold:   241        SH:  0    Dex: 12    Spells: 8/8 levels left

rFire    + + +     SeeInvis .   A - +3 flail (protect)
rCold    + . .     Gourm    .   E - +2 buckler {rF+}
rNeg     + + .     Faith    +   e - +0 ring mail of the Eternal Fruit {Str+6}
rPois    ∞         Spirit   .   (no helmet)
rElec    +         Reflect  .   F - scarf {rC+ rF+}
rCorr    .         Harm     .   y - +0 pair of gloves
MR       +....                  (no boots)
Stlth    ..........             z - amulet of faith
HPRegen  0.19/turn              q - +2 ring of dexterity
MPRegen  0.12/turn              b - ring "Nefycraw" {rF+ rN+ MR+}

@: confused
A: negative energy resistance 1, electricity resistance, unbreathing,
petrification resistance, rot immunity, AC +6
a: Heroism, Finesse, Renounce Religion


You were on level 8 of the Dungeon.
You worshipped Okawaru.
Okawaru was extremely pleased with you.
You were not hungry.

You visited 2 branches of the dungeon, and saw 10 of its levels.

You collected 593 gold pieces.
You spent 352 gold pieces at shops.

Inventory:

Hand Weapons
 A - a +3 flail of protection (weapon)
Missiles
 m - 8 javelins (quivered)
 D - 5 silver javelins
Armour
 c - a +0 shield
 e - the +0 ring mail of the Eternal Fruit (worn) {Str+6}
   (You found it on level 5 of the Dungeon)

   It affects your strength (+6).
 y - a +0 pair of gloves (worn)
 E - a +2 buckler of fire resistance (worn)
 F - a scarf of resistance (worn)
Jewellery
 b - the ring "Nefycraw" (right hand) {rF+ rN+ MR+}
   (You bought it in a shop on level 6 of the Dungeon)

   [ring of positive energy]

   It protects you from fire.
   It protects you from negative energy.
   It affects your resistance to hostile enchantments.
 q - a +2 ring of dexterity (left hand)
 z - an amulet of faith (around neck)
Wands
 a - a wand of acid (7)
 j - a wand of flame (6)
Scrolls
 g - 9 scrolls of teleportation
 i - 3 scrolls of blinking {unknown}
 k - 2 scrolls of fear {unknown}
 n - 3 scrolls of magic mapping
 o - 5 scrolls of remove curse
 t - 5 scrolls of amnesia
 w - 3 scrolls of fog
 C - 3 scrolls of enchant armour
 H - a scroll of acquirement {unknown}
Potions
 d - a potion of might
 h - 3 potions of cancellation
 p - 4 potions of curing
 r - 2 potions of brilliance
 s - a potion of haste
 u - a potion of invisibility
 v - a potion of lignification
 x - 3 potions of mutation
 B - 2 potions of magic
 G - a potion of agility {unknown}
 J - a potion of heal wounds {unknown}
Comestibles
 f - 21 rations


   Skills:
 + Level 7.1 Fighting
 * Level 8.5 Maces & Flails
 + Level 7.2 Armour
 + Level 2.7 Dodging
 - Level 6.1 Shields
 + Level 3.5 Invocations


You had 8 spell levels left.
You didn't know any spells.
Your spell library contained the following spells:

 Spells                   Type           Power        Failure   Level  Hunger
 Corona                   Hex            #......      47%         1    ##.....
 Ensorcelled Hibernation  Hex/Ice        #.....       63%         2    ###....
 Confuse                  Hex            #.......     85%         3    ####...
 Dazzling Flash           Conj/Hex       #.....       85%         3    ####...
 Tukima's Dance           Hex            #.......     85%         3    ####...


Dungeon Overview and Level Annotations

Branches:
Dungeon (9/15)             Temple (1/1) D:5
   Lair: D:8-11         Orc: D:9-12

Altars:
Ashenzari
Cheibriados
Dithmenos
Elyvilon
Fedhas
Gozag
Hepliaklqana
Kikubaaqudgha
Makhleb
Nemelex Xobeh
Okawaru
Qazlal
Ru
Sif Muna
Trog
Uskayaw
Vehumet
Wu Jian
Xom
Yredelemnul
Zin
The Shining One

Shops:
D:3 *   D:5 ?   D:6 *(!   D:8 (   D:9 }

Annotations:
D:5 1 runed translucent door, Esekla's ghost, novice VSAs
D:9 Psyche


Innate Abilities, Weirdness & Mutations

You are resistant to torment.
Your stone body is resilient. (AC +6)
You are immune to poison.
You resist negative energy. (rN+)
You are resistant to electric shocks. (rElec)
You can survive without breathing.
You are immune to petrification.
You are immune to rotting.


Message History

You feel better. You block the sky beast's attack.
You are confused.
You feel invigorated. The two-headed ogre barely misses you.
The two-headed ogre hits you with a +0 giant spiked club!!
* * * LOW HITPOINT WARNING * * *
The sky beast closely misses you.
Okay, then.
You're too confused!
Unknown command.
You bump into the rock wall.
The two-headed ogre closely misses you.
The two-headed ogre hits you with a +0 giant spiked club!
* * * LOW HITPOINT WARNING * * *
The sky beast completely misses you.
You bump into the rock wall.
The sky beast hits you.
* * * LOW HITPOINT WARNING * * *
The sky beast shocks you. You resist.
* * * LOW HITPOINT WARNING * * *
The two-headed ogre closely misses you.
The two-headed ogre hits you with a +0 giant spiked club!
You die...

#.# #.# #.#.#####.#.## #.# #.#
#.#.......#)## #.# #.#
#.#.#####.#..# ######.## #.#
#.#.#...#.#.(### ........# #.#
#.#.#.#.#.#..... #####...# #.#
#.#.#.#.#.#..### ........# #.#
#.#.#.#...#.(# #####...#
#(#####.#.#.#####..# ###.#
#.((Y@O...)[......## #######.#
#######...#<##########
#.......# ###.#.#####.....
..#####.# #(#........... ###
#.# ####.#######.#### #.###
#..(.........#
#######...#######.##.#########
#....##...........##.#
#.##.####.##########.#


You could see a two-headed ogre and a sky beast.

Vanquished Creatures
  3 hornets (D:8)
  Edmund (D:4)
  A water moccasin (D:6)
  An ice beast (D:5)
  2 orc warriors
  2 sky beasts (D:8)
  A black bear (D:8)
  A necrophage (D:6)
  2 ogres
  3 centaurs
  3 bullfrogs
  2 howler monkeys (D:8)
  2 crimson imps
  A centaur zombie (D:5)
  3 hounds
  A bullfrog zombie (D:4)
  5 orc priests
  A jelly (D:6)
  5 orc wizards
  Natasha (thrice) (D:3)
  Terence (D:3)
  4 iguanas
  3 worker ants
  A hound skeleton (D:4)
  6 adders
  2 shadow imps (D:6)
  An ooze (D:2)
  2 worms
  A dart slug (D:3)
  6 leopard geckos
  17 orcs
  6 giant cockroaches
  9 goblins
  6 hobgoblins
  4 jackals
  8 kobolds
  4 quokkas
  2 ball pythons
  A ball python skeleton (D:4)
  3 bats
  9 frilled lizards
  A leopard gecko skeleton (D:4)
  12 rats
152 creatures vanquished.

Vanquished Creatures (others)
  An adder (D:2)
  A goblin (D:2)
2 creatures vanquished.

Grand Total: 154 creatures vanquished

Notes
Turn   | Place    | Note
-------+----------+-------------------------------------------
     0 | D:1      | Borgoz the Gargoyle Fighter began the quest for the Orb.
     0 | D:1      | Reached XP level 1. HP: 14/14 MP: 1/1
   121 | D:1      | Reached XP level 2. HP: 11/19 MP: 2/2
   578 | D:1      | Reached XP level 3. HP: 23/23 MP: 3/3
  1028 | D:2      | Found a glowing golden altar of the Shining One.
  1107 | D:2      | Found a radiant altar of Vehumet.
  1177 | D:2      | Found an iron altar of Okawaru.
  1319 | D:2      | Became a worshipper of Warmaster Okawaru
  1364 | D:2      | Reached skill level 3 in Maces & Flails
  1364 | D:2      | Reached XP level 4. HP: 29/29 MP: 4/4
  1480 | D:3      | Found an opulent altar of Gozag.
  1481 | D:3      | Found Gozag's Platinum Reserve.
  1645 | D:3      | Noticed Natasha
  1652 | D:3      | Killed Natasha
  1699 | D:3      | Noticed Natasha
  1715 | D:3      | Reached XP level 5. HP: 27/33 MP: 5/5
  1738 | D:3      | Killed Natasha
  1866 | D:3      | Noticed Natasha
  1878 | D:3      | Killed Natasha
  2011 | D:3      | Found a faded altar of an unknown god.
  2041 | D:3      | Noticed Terence
  2061 | D:3      | Killed Terence
  2231 | D:4      | Reached skill level 4 in Maces & Flails
  2265 | D:4      | Reached * piety under Okawaru
  2265 | D:4      | Reached XP level 6. HP: 25/39 MP: 6/6
  2509 | D:4      | Noticed Edmund
  2561 | D:4      | Killed Edmund
  2633 | D:4      | Reached XP level 7. HP: 20/44 MP: 7/7
  3166 | D:5      | Entered Level 5 of the Dungeon
  3200 | D:5      | Reached skill level 5 in Fighting
  3200 | D:5      | Reached skill level 5 in Maces & Flails
  3200 | D:5      | Reached skill level 5 in Armour
  3200 | D:5      | Reached skill level 5 in Shields
  3308 | D:5      | Reached ** piety under Okawaru
  3472 | D:5      | Found a staircase to the Ecumenical Temple.
  3515 | Temple   | Entered the Ecumenical Temple
  3586 | D:5      | Found Sesun's Magic Scroll Shoppe.
  3589 | D:5      | Bought a scroll of identify for 22 gold pieces
  3589 | D:5      | Bought a scroll of identify for 22 gold pieces
  3589 | D:5      | Bought a scroll of enchant armour for 82 gold pieces
  3589 | D:5      | Bought a scroll of remove curse for 33 gold pieces
  3589 | D:5      | Bought a scroll of teleportation for 33 gold pieces
  3748 | D:5      | Found a runed translucent door.
  3748 | D:5      | Noticed Esekla's ghost (novice VSAs)
  3806 | D:5      | Got a brightly glowing ring mail
  3817 | D:5      | Identified the +0 ring mail of the Eternal Fruit {Str+6}
                  | (You found it on level 5 of the Dungeon)
  3898 | D:6      | Reached XP level 8. HP: 44/49 MP: 8/8
  3974 | D:6      | Reached skill level 6 in Maces & Flails
  4003 | D:6      | Found Voamaix's Assorted Antiques.
  4176 | D:6      | Reached *** piety under Okawaru
  4271 | D:6      | Found Elaesum's Distillery.
  4335 | D:6      | Found a stormy altar of Qazlal.
  4457 | D:6      | Found Cydysug's Antique Weapon Boutique.
  4548 | D:6      | Found Sar Emuj's Magic Scroll Emporium.
  4737 | D:6      | Bought a bound jade ring for 160 gold pieces
  4737 | D:6      | Identified the ring "Nefycraw" {rF+ rN+ MR+} (You bought it
                  | in a shop on level 6 of the Dungeon)
  4848 | D:7      | Found a hazy altar of Hepliaklqana.
  4848 | D:7      | Found a burning altar of Makhleb.
  5146 | D:7      | Reached skill level 7 in Maces & Flails
  5253 | D:7      | Reached skill level 1 in Invocations
  5540 | D:8      | Noticed a hornet
  5555 | D:8      | Killed a hornet
  5555 | D:8      | Reached **** piety under Okawaru
  5555 | D:8      | Reached skill level 1 in Dodging
  5555 | D:8      | Reached XP level 9. HP: 31/56 MP: 8/10
  5726 | D:8      | Received a gift from Okawaru
  5835 | D:8      | Found Niovvud's Antique Weapon Emporium.
  6252 | D:8      | Noticed a hornet
  6253 | D:8      | Noticed a hornet
  6258 | D:8      | Killed a hornet
  6258 | D:8      | Reached skill level 8 in Maces & Flails
  6266 | D:8      | Killed a hornet
  6384 | D:8      | Reached ***** piety under Okawaru
  6576 | D:9      | Found Veaghun's Gadget Shop.
  6584 | D:9      | Noticed a two-headed ogre
  6585 | D:9      | Noticed Psyche
  6597 | D:8      | Mangled by a two-headed ogre

Levels and vault maps discovered:
D:1:      nagdon_arrival_zigzag_paths, layout_rooms
D:2:      layout_rooms, nicolae_tso_swordbearing_angel, fiery_altar_vehumet,
          okawaru_metal_pillars_1_2, first_ration, minmay_cupped
D:3:      layout_loops_ring, chequers_ecumenical_altar_twisty,
          nicolae_gozag_zags_fifth_avenue, uniq_natasha, uniq_terence
D:4:      layout_rooms, uniq_edmund
D:5:      layout_rooms, minmay_temple_entry_tees, serial_shops,
          nicolae_shop_behind_doors, gammafunk_ghost_grave
D:6:      layout_loops_ring, lemuel_coloured_pillars_altar, serial_shops,
          kennysheep_little_box, shop_coins,
          nicolae_shop_competitors_out_of_business,
          nicolae_shop_temple_entry_statues_fountains
D:7:      layout_gridville, gammafunk_temple_overflow_elements
D:8:      layout_loops_ring, serial_shops, nicolae_shop_trees,
          hangedman_pestilent_swarm, roderic_lattice_a
D:9:      layout_layer_cave, serial_shops, shop_fountains, nicolae_shop_stone,
          uniq_psyche
Temple:   minmay_freezing_vapour_temple

Skill      XL: |  1  2  3  4  5  6  7  8  9 |
---------------+----------------------------+-----
Maces & Flails | 3 4 5 7 8 |  8.5
Fighting       | 4 5 6 7 |  7.1
Armour         | 4 5 6 7 |  7.2
Shields        | 4 5 6 |  6.1
Invocations    | 1 3 |  3.5
Dodging        | 1 2 |  2.7

Action                   |  1- 3 |  4- 6 |  7- 9 || total
-------------------------+-------+-------+-------++-------
Melee: Flail             |   167 |   180 |   338 ||   685
Invok: Heroism           |       |       |     1 ||     1
Evoke: Wand              |       |       |     1 ||     1
  Use: Potion            |       |     4 |     2 ||     6
       Scroll            |       |       |    13 ||    13
  Eat: Chunk             |     1 |     5 |    13 ||    19
Armor: Scale mail        |   113 |    92 |    50 ||   255
       Ring mail         |       |       |   120 ||   120
Dodge: Dodged            |    60 |    41 |   159 ||   260
Block: Shield            |   109 |   100 |   106 ||   315
       Buckler           |       |       |    61 ||    61

Table legend:
 A = Non-vault XP
 B = Vault XP
 C = Vault XP percentage of total XP
 D = Non-vault monster count
 E = Vault monster count
 F = Vault count percentage of total count
                 A         B        C        D         E       F
            +---------+---------+-------+---------+---------+-------
      Total |    3634 |     848 |  18.9 |     142 |      10 |   6.6
            +---------+---------+-------+---------+---------+-------
        D:1 |      42 |       0 |   0.0 |      28 |       0 |   0.0
        D:2 |      33 |      11 |  25.0 |      14 |       3 |  17.6
        D:3 |     141 |      72 |  33.8 |      21 |       2 |   8.7
        D:4 |     255 |     157 |  38.1 |      16 |       1 |   5.9
        D:5 |     384 |       0 |   0.0 |      14 |       0 |   0.0
        D:6 |     743 |       0 |   0.0 |      18 |       0 |   0.0
        D:7 |     432 |       0 |   0.0 |       9 |       0 |   0.0
        D:8 |    1568 |     608 |  27.9 |      21 |       4 |  16.0
        D:9 |      36 |       0 |   0.0 |       1 |       0 |   0.0
            +---------+---------+-------+---------+---------+-------
